 Dungeon Crawl Stone Soup version 0.28.0-53-g5a82cb258f (webtiles) character file.

Game seed: 7943028080879376631

99 Descartes the Grasshopper (level 5, -4/41 HPs)
             Began as a Formicid Warper on May 29, 2022.
             Slain by an ogre
             ... wielding a +0 giant club
              (27 damage)
             ... on level 3 of the Dungeon.
             The game lasted 00:02:52 (3487 turns).

Descartes the Grasshopper (Formicid Warper)         Turns: 3487, Time: 00:02:52

Health: -4/41      AC:  3    Str: 18    XL:     5   Next: 2%
Magic:  8/8        EV: 11    Int: 12    God:
Gold:   103        SH:  0    Dex: 10    Spells: 8/8 levels left

rFire   . . .      SeeInvis +   a - +0 mace
rCold   . . .      Faith    .   (no shield)
rNeg    . . .      Spirit   .   b - +0 leather armour
rPois   .          Reflect  .   (helmet unavailable)
rElec   .          Harm     .   (no cloak)
rCorr   .          Rampage  .   (no gloves)
Will    .....                   (no boots)
Stlth   +.........              (no amulet)
HPRegen 0.13/turn               (no ring)
MPRegen 0.11/turn               (no ring)

@: no status effects
A: permanent stasis, dig shafts and tunnels, antennae 3, four strong arms
a: Dig, Shaft Self


You were on level 3 of the Dungeon.
You visited 1 branch of the dungeon, and saw 3 of its levels.

You collected 103 gold pieces.

Inventory:

Hand Weapons
 a - a +0 mace (weapon)
Missiles
 c - 5 boomerangs of dispersal (quivered)
 i - 82 stones
 r - 5 poisoned darts
Armour
 b - a +0 leather armour (worn)
Jewellery
 g - a ring of flight
 h - an amulet of reflection
Wands
 p - a wand of polymorph (3)
Scrolls
 d - 2 scrolls of teleportation {unknown}
 f - 3 scrolls of identify {unknown}
 j - a scroll of enchant weapon {unknown}
 n - a scroll of amnesia {unknown}
 o - a scroll of vulnerability {unknown}
Potions
 e - a potion of berserk rage {unknown}
 k - 2 potions of mutation {unknown}
 l - a potion of heal wounds {unknown}
 m - a potion of degeneration {unknown}
 q - 2 potions of cancellation {unknown}


   Skills:
 + Level 3.0 Fighting
 + Level 2.7 Maces & Flails
 - Level 1.0 Throwing
 + Level 2.2 Armour
 - Level 1.7 Dodging
 + Level 1.9 Shields
 - Level 2.1 Spellcasting
 + Level 3.2 Translocations


You had 8 spell levels left.
You didn't know any spells.
Your spell library contained the following spells:

 Spells                   Type           Power      Damage    Failure   Level
 Gell's Gravitas          Tloc           9%         N/A       26%         3
 Lesser Beckoning         Tloc           9%         N/A       26%         3
 Teleport Other           Tloc           9%         N/A       26%         3
 Manifold Assault         Tloc           9%         N/A       93%         5
 Blink                    Tloc           Unusable   N/A       N/A         2

Dungeon Overview and Level Annotations

Branches:
Dungeon (3/15)

Altars:


Innate Abilities, Weirdness & Mutations

You cannot be hasted, slowed, berserked, paralysed or teleported.
You can dig through walls and to a lower floor.
You have a pair of large antennae on your head. (SInv)
Your four strong arms can wield two-handed weapons with a shield.


Message History

q - 2 fizzy golden potions You sense a monster nearby.
No target in view!
A ball python comes into view.
The ball python barely misses you. The ball python closely misses you.
You hit the ball python.
You kill the ball python!
No target in view!
No target in view!
No target in view!
Found a quarterstaff.
No target in view!
You see here a +0 quarterstaff.
r - 5 poisoned darts No target in view!
You now have 103 gold pieces (gained 11).
You see here 24 bolts.
You sense a monster nearby.
An ogre comes into view. It is wielding a +0 giant club.
The ogre shouts!
You barely miss the ogre.
The ogre hits you with a +0 giant club!!
You barely miss the ogre. The ogre closely misses you.
You sock the ogre!
The ogre is moderately wounded.
The ogre barely misses you.
You hit the ogre.
The ogre is moderately wounded.
The ogre barely misses you.
You hit the ogre.
The ogre is moderately wounded.
The ogre closely misses you.
You hit the ogre but do no damage.
The ogre is moderately wounded.
The ogre barely misses you.
You barely miss the ogre.
The ogre is moderately wounded.
The ogre hits you with a +0 giant club!!
Ouch! That really hurt!
You die...

###.#.#.#.#....##
#...........##.##
##.#####...#.#.#.#.##.##
.#.#.....#.........##...
##.#####...#.#)#.#.#####
#.#.........# #
#.#.#.#.#.#.# #
#####.#.........# #
#..O@..#....#####
#..###.#.#... # #.
.#####.. .. # #..# .##
#..# # #..#


You could see an ogre.

Vanquished Creatures
  3 adders (D:2)
  An adder skeleton (D:3)
  3 worms
  A dart slug (D:2)
  An orc (D:2)
  3 bats
  6 endoplasms
  4 giant cockroaches (D:1)
  4 hobgoblins
  3 jackals (D:2)
  3 kobolds
  2 quokkas
  5 ball pythons
  5 goblins
  9 rats
53 creatures vanquished.

Notes
Turn   | Place    | Note
-------+----------+-------------------------------------------
     0 | D:1      | Descartes the Formicid Warper began the quest for the Orb.
     0 | D:1      | Reached XP level 1. HP: 16/16 MP: 3/3
   335 | D:1      | Reached XP level 2. HP: 22/23 MP: 5/5
   704 | D:1      | Reached skill level 1 in Shields
   723 | D:1      | Found a faded altar of an unknown god.
   884 | D:1      | Reached XP level 3. HP: 23/28 MP: 6/6
  1850 | D:2      | Reached XP level 4. HP: 22/34 MP: 7/7
  3294 | D:3      | Reached XP level 5. HP: 41/41 MP: 8/8
  3479 | D:3      | Noticed an ogre
  3487 | D:3      | Slain by an ogre

Illustrated notes

Levels and vault maps discovered:
D:1:      lightli_arrival_lavapool, layout_loops_ring,
          chequers_ecumenical_altar_lobes, serial_forest,
          infiniplex_forest_diagonal, infiniplex_forest_clump_small,
          infiniplex_forest_lined_4_way, infiniplex_forest_clump_medium,
          infiniplex_forest_lined_3
D:2:      layout_loops_ring
D:3:      minmay_roachtagon, layout_loops_cross, serial_co_window_serial,
          co_window_corner_a, co_window_paths_a, co_window_corner_a,
          co_window_of_opportunity_a, co_window_cross_1,
          co_window_of_opportunity_b, co_window_of_opportunity_b,
          co_window_broadway_b, co_window_unsneaky_path_e, co_window_sun,
          co_window_4corner_a, glass_columns_c, glass_columns_c, glass_columns_c

Skill      XL: |  1  2  3  4 |
---------------+-------------+-----
Shields        | 1 |  1.9
Translocations | 3 |  3.2
Armour         | 2 |  2.2
Fighting       | 3 |  3.0
Maces & Flails | |  2.7
Throwing       | |  1.0
Dodging        | |  1.7
Spellcasting   | |  2.1

Action                   |  1- 3 |  4- 6 || total
-------------------------+-------+-------++-------
Melee: Mace              |    92 |    86 ||   178
Armor: Leather armour    |    36 |    18 ||    54
Dodge: Dodged            |    61 |    59 ||   120
